 Dungeon Crawl Stone Soup version 0.30.1-11-g7821555f0a (webtiles) character file.

Game seed: 7040989857614356267

1078 Okkudo the Cleaver (level 8, 0/66 HPs)
             Began as a Hill Orc Monk on Dec 1, 2023.
             Was a Believer of Beogh.
             Killed from afar by a steam dragon (12 damage)
             ... with a ball of steam
             ... on level 5 of the Dungeon.
             The game lasted 00:11:47 (3041 turns).

Okkudo the Cleaver (Hill Orc Monk)                  Turns: 3041, Time: 00:11:47

Health: 0/66       AC:  8    Str: 16    XL:     8   Next: 29%
Magic:  8/8        EV:  8    Int: 10    God:    Beogh [**....]
Gold:   353        SH:  0    Dex: 19    Spells: 7/7 levels left

rFire   . . .        e - +3 battleaxe
rCold   . . .        (shield currently unavailable)
rNeg    . . .        k - +0 chain mail
rPois   .            (no helmet)
rElec   .            (no cloak)
rCorr   +            (no gloves)
SInv    .            (no boots)
Will    .....        (no amulet) Stlth
                     i - ring of resist corrosion
HPRegen 0.31/turn    d - +6 ring of dexterity
MPRegen 0.11/turn

%: no passive effects
@: no status effects
A: no striking features
a: Renounce Religion, Smiting


You were on level 5 of the Dungeon.
You worshipped Beogh.
Beogh was pleased with you.
You visited 1 branch of the dungeon, and saw 5 of its levels.

You collected 353 gold pieces.

Inventory:

Hand Weapons
 e - a +3 battleaxe (weapon)
Armour
 k - a +0 chain mail (worn)
Jewellery
 d - a +6 ring of dexterity (right hand)
 i - a ring of resist corrosion (left hand)
Wands
 l - a wand of mindburst (12)
 q - a wand of flame (8)
 r - a wand of charming (1)
Scrolls
 a - a scroll of teleportation
 m - 2 scrolls of magic mapping
 p - 3 scrolls of fear
Potions
 b - a potion of resistance
 c - a potion of ambrosia
 f - a potion of might {unknown}
 g - 2 potions of mutation
 h - a potion of flight {unknown}
 n - 2 potions of haste
 o - 2 potions of invisibility


   Skills:
 - Level 4.2 Fighting
 * Level 12.4 Axes
 - Level 2.8 Dodging


You had 7 spell levels left.
You didn't know any spells.
Your spell library contained the following spells:

 Spells                   Type           Power      Damage    Failure   Level
 Beastly Appendage        Tmut           0%         N/A       99%         1
 Summon Small Mammal      Summ           0%         N/A       99%         1
 Wereblood                Tmut           0%         N/A       100%        2
 Call Canine Familiar     Summ           0%         N/A       100%        3
 Dazzling Flash           Conj/Hex       0%         N/A       100%        3
 Spider Form              Tmut/Pois      0%         N/A       100%        3
 Summon Guardian Golem    Hex/Summ       0%         N/A       100%        3
 Volatile Blastmotes      Fire/Tloc      0%         2d10      100%        3
 Iskenderun's Mystic Bla  Conj/Tloc      0%         2d3       100%        4
 Starburst                Conj/Fire      0%         6d3       100%        6


Dungeon Overview and Level Annotations

Branches:
Dungeon (5/15)
 Temple: D:4-7

Altars:
Ashenzari
Elyvilon
Hepliaklqana
Vehumet
Zin


Message History

You slash the orc priest!
The orc priest is almost dead.
The orc priest hits you with a +0 mace.
You hit the orc priest.
You kill the orc priest!
Beogh accepts your kill.
Beogh appreciates your killing of a heretic priest.
Blork the orc shouts!
You hear an angry hiss.
Items here: ( )) [[.
Okay, then.
Blork the orc screams, "I'll rip your head off!"
A steam dragon comes into view.
The steam dragon hisses angrily.
Blork the orc hits you with a +0 battleaxe.
The steam dragon breathes steam at you. The ball of steam hits you!
* * * LOW HITPOINT WARNING * * *
The steam dragon moves out of view.
Items here: ( )) [[.
Blork the orc attacks as you move away!
Blork the orc hits you with a +0 battleaxe.
* * * LOW HITPOINT WARNING * * *
You slice Blork the orc!!
Blork the orc is heavily wounded.
Blork the orc looks braver for a moment.
You slash Blork the orc!
You kill Blork the orc!
Beogh accepts your kill.
You barely miss the steam dragon.
The steam dragon bites you but does no damage.
The steam dragon barely misses you.
You slice the steam dragon!!
The steam dragon is severely wounded.
The steam dragon closely misses you. The steam dragon claws you.
* * * LOW HITPOINT WARNING * * *
You hit the steam dragon.
The steam dragon is severely wounded.
The steam dragon breathes steam at you. The ball of steam hits you!
You die...

................
#................ #
#....D........... #
...D§.#....#.#### ....
#)#)##..# .....##.......# #
..........##..# .#
##.#.#D.###..# #.# ...#@##
#..# #.. .....#.# #..###.. ##
##.. #.# #..##.. .. . .#.#
#..##.# #. .## .# ...#
#..##†# #...
.o##.##...####.###.#
#...###....#..#......#...#
##.....o..# #.##.#.#....###
.#...###)####.##.#.......####


You could see a steam dragon (catching breath).

Vanquished Creatures
  Grinder (D:5)
  Eustachio (D:5)
  A phantom (D:4)
  Blork the orc (D:5)
  2 scorpions
  2 wights
  An orc priest (D:5)
  A hound (D:4)
  A jelly (D:5)
  2 iguanas
  2 orc wizards
  7 adders
  2 worms (D:4)
  3 dart slugs
  9 orcs
  6 ball pythons
  6 bats
  8 endoplasms
  2 giant cockroaches
  12 hobgoblins
  15 jackals
  2 quokkas
  7 frilled lizards
  5 goblins
  7 kobolds
  7 rats
113 creatures vanquished.

Vanquished Creatures (others)
  An orc (D:5)
1 creature vanquished.

Grand Total: 114 creatures vanquished

Notes
Turn   | Place    | Note
-------+----------+-------------------------------------------
     0 | D:1      | Okkudo the Hill Orc Monk began the quest for the Orb.
     0 | D:1      | Reached XP level 1. HP: 19/19 MP: 1/1
   127 | D:1      | Reached XP level 2. HP: 27/27 MP: 2/2
   383 | D:1      | Reached XP level 3. HP: 18/33 MP: 3/3
   413 | D:1      | Found a faded altar of an unknown god.
   699 | D:2      | Reached skill level 5 in Axes
   746 | D:2      | Reached XP level 4. HP: 26/40 MP: 4/4
  1278 | D:3      | Found a hazy altar of Hepliaklqana.
  1294 | D:3      | Found a glowing silver altar of Zin.
  1303 | D:3      | Reached skill level 6 in Axes
  1525 | D:3      | Found a broken altar of Ashenzari.
  1841 | D:4      | Reached XP level 5. HP: 44/46 MP: 5/5
  1876 | D:4      | Reached skill level 7 in Axes
  1993 | D:4      | Reached XP level 6. HP: 40/52 MP: 6/6
  2094 | D:4      | Reached skill level 8 in Axes
  2241 | D:4      | Found a radiant altar of Vehumet.
  2309 | D:4      | Found a white marble altar of Elyvilon.
  2503 | D:5      | Entered Level 5 of the Dungeon
  2503 | D:5      | Noticed Eustachio
  2575 | D:5      | Noticed Grinder
  2581 | D:5      | Reached skill level 9 in Axes
  2604 | D:5      | Paralysed by Grinder for 2 turns
  2608 | D:5      | Killed Grinder
  2609 | D:5      | Reached skill level 10 in Axes
  2609 | D:5      | Reached XP level 7. HP: 19/59 MP: 7/7
  2875 | D:5      | Reached skill level 11 in Axes
  2882 | D:5      | Became a worshipper of Beogh the Brigand
  2882 | D:5      | Reached * piety under Beogh
  2882 | D:5      | Reached ** piety under Beogh
  2890 | D:5      | Killed Eustachio
  2891 | D:5      | Reached XP level 8. HP: 52/66 MP: 8/8
  2966 | D:5      | Reached skill level 12 in Axes
  3016 | D:5      | Noticed Blork the orc
  3038 | D:5      | Killed Blork the orc
  3041 | D:5      | Killed from afar by a steam dragon

Illustrated notes

Levels and vault maps discovered:
D:1:      nicolae_arrival_escape_room, layout_basic,
          hellmonk_ecumenical_altar_arch_garden, minmay_gold_behind_fungi,
          minmay_pentomino_q4
D:2:      layout_rooms
D:3:      layout_rooms, grunt_temple_overflow_open,
          mainiacjoe_overflow_brackets, guppyfry_early_orc_mine
D:4:      layout_cave_pools, mainiacjoe_overflow_tiny_flanked,
          lemuel_doored_altar
D:5:      layout_rooms, serial_shops, kennysheep_little_box, uniq_blork_the_orc,
          uniq_eustachio, uniq_grinder

Skill      XL: |  1  2  3  4  5  6  7  8 |
---------------+-------------------------+-----
Fighting       | 4 |  4.2
Axes           | 5 6 7 10 11 12 | 12.4
Dodging        | |  2.8

Action                     |  1- 3 |  4- 6 |  7- 9 || total
---------------------------+-------+-------+-------++-------
  Melee: Hand axe          |   126 |   160 |       ||   286
         Battleaxe         |       |    21 |    50 ||    71
 Invoke: Convert to Beogh  |       |       |     1 ||     1
    Use: Scroll            |       |     6 |     1 ||     7
 Armour: Robe              |    15 |       |       ||    15
         Ring mail         |    13 |       |       ||    13
         Chain mail        |       |    71 |    30 ||   101
         Scale mail        |       |     8 |       ||     8
  Dodge: Dodged            |    80 |    71 |    19 ||   170
